3L
PORTLAND EVERGREENS @ LAS VEGAS FLAMINGOS
08/18/2029
 
TOP OF THE 1ST
Portland Evergreens batting - Pitching for Las Vegas Flamingos : LHP Juan Cardenas
Pitching: LHP Juan Cardenas
Batting: LHB John Ennis 0-0: Ball
1-0: Ball
2-0: Foul Ball, location: 2F
2-1: Foul Ball, location: 2F
2-2: Ground out U3 (Groundball, 34)
Batting: RHB Micah Coffey 0-0: Called Strike
0-1: Fly out, F3 (Line Drive, 3)
Batting: LHB Chris Payling 0-0: Called Strike
0-1: Foul Ball, location: 2F
0-2: Ball
1-2: SINGLE (Line Drive, 8LS)
Batting: RHB Ty Struck 0-0: Fly out, F8 (Flyball, 78D)
Top of the 1st over - 0 runs, 1 hit, 0 errors, 1 left on base; Portland 0 - Las Vegas 0
BOTTOM OF THE 1ST
Las Vegas Flamingos batting - Pitching for Portland Evergreens : RHP Roberto Calderón
Pitching: RHP Roberto Calderón
Batting: RHB Sake van Arem 0-0: Ball
1-0: Swinging Strike
1-1: Fly out, F8 (Flyball, 8RD)
Batting: LHB Ruud van Ineveld 0-0: Ball
1-0: SINGLE (Line Drive, 9S)
Batting: RHB Daniel Maldonado 0-0: Ball
Ruud van Ineveld is caught stealing 2nd base
1-0: Foul Ball, location: 2F
1-1: Swinging Strike
1-2: Ball
2-2: Ball
3-2: Base on Balls
Batting: RHB Sergio Ortíz 0-0: Ball
1-0: Called Strike
1-1: Ball
2-1: Ball
3-1: Ground out 4-3 (Groundball, 34)
Bottom of the 1st over - 0 runs, 1 hit, 0 errors, 1 left on base; Portland 0 - Las Vegas 0
TOP OF THE 2ND
Portland Evergreens batting - Pitching for Las Vegas Flamingos : LHP Juan Cardenas
Batting: LHB Adrián Gómez 0-0: Ball
1-0: Ball
2-0: Called Strike
2-1: SINGLE (Groundball, 6D)
Batting: RHB Carlos Cardona 0-0: Foul Ball, location: 2F
0-1: Swinging Strike
0-2: Ball
1-2: Foul Ball, location: 2F
1-2: Ball
2-2: Foul Ball, location: 2F
2-2: Ball
3-2: SINGLE (Line Drive, 6MD)
Adrián Gómez to second
Batting: SHB Pedro Gómez 0-0: Ball
1-0: Called Strike
1-1: SINGLE (Line Drive, 7LM)
Adrián Gómez to third
Carlos Cardona to second
Runner from 3rd tries for Home, SAFE, throw made home
Batting: LHB Clay Rush 0-0: Called Strike
0-1: Fly out, F9 (Flyball, 9)
Batting: SHB Chris Williamson 0-0: Called Strike
0-1: Foul Ball, location: 2F
0-2: Strikes out swinging
Batting: LHB John Ennis 0-0: Foul Ball, location: 2F
0-1: Ball
1-1: Foul Ball, location: 2F
1-2: Ball
2-2: Ball
3-2: Strikes out swinging
Top of the 2nd over - 1 run, 3 hits, 0 errors, 2 left on base; Portland 1 - Las Vegas 0
BOTTOM OF THE 2ND
Las Vegas Flamingos batting - Pitching for Portland Evergreens : RHP Roberto Calderón
Batting: RHB Xavier Hernández 0-0: Foul Ball, location: 2F
0-1: Foul Ball, location: 2F
0-2: Ground out U3 (Groundball, 3L)
Batting: RHB Rodney Usry 0-0: Foul Ball, location: 2F
0-1: Swinging Strike
0-2: Ball
1-2: Strikes out swinging
Batting: LHB Victor Adams 0-0: Ball
1-0: Ball
2-0: SINGLE (Groundball, 34D)
Batting: LHB Job Pels 0-0: Ball
1-0: Ground out 4-3 (Groundball, 34)
Bottom of the 2nd over - 0 runs, 1 hit, 0 errors, 1 left on base; Portland 1 - Las Vegas 0
TOP OF THE 3RD
Portland Evergreens batting - Pitching for Las Vegas Flamingos : LHP Juan Cardenas
Batting: RHB Micah Coffey 0-0: Called Strike
0-1: Ball
1-1: Ball
2-1: Foul Ball, location: 2F
2-2: Ball
3-2: Ground out 5-3 (Groundball, 56)
Batting: LHB Chris Payling 0-0: Ball
1-0: Foul Ball, location: 2F
1-1: Ball
2-1: SINGLE (Line Drive, 34)
Batting: RHB Ty Struck 0-0: Ball
1-0: Ball
2-0: Foul Ball, location: 2F
2-1: Called Strike
2-2: Ball
3-2: DOUBLE (Line Drive, 7LM)
Chris Payling to third
Chris Payling scores
Batting: LHB Adrián Gómez 0-0: Called Strike
0-1: Called Strike
0-2: Ball
1-2: Ball
2-2: Ball
3-2: Strikes out swinging
Batting: RHB Carlos Cardona 0-0: Foul Ball, location: 2F
0-1: Ball
1-1: Called Strike
1-2: Ball
Wild Pitch!
Ty Struck to third
2-2: Strikes out looking
Top of the 3rd over - 1 run, 2 hits, 0 errors, 1 left on base; Portland 2 - Las Vegas 0
BOTTOM OF THE 3RD
Las Vegas Flamingos batting - Pitching for Portland Evergreens : RHP Roberto Calderón
Batting: LHB José Alonso 0-0: Ball
1-0: Foul Ball, location: 2F
1-1: Ball
2-1: Fly out, F7 (Flyball, 7D)
Batting: RHB Sake van Arem 0-0: Ball
1-0: Foul Ball, location: 2F
1-1: Called Strike
1-2: Strikes out swinging
Batting: LHB Ruud van Ineveld 0-0: Ground out 4-3 (Groundball, 34D)
Bottom of the 3rd over - 0 runs, 0 hits, 0 errors, 0 left on base; Portland 2 - Las Vegas 0
TOP OF THE 4TH
Portland Evergreens batting - Pitching for Las Vegas Flamingos : LHP Juan Cardenas
Batting: SHB Pedro Gómez 0-0: Foul Ball, location: 2F
0-1: Called Strike
0-2: Strikes out swinging
Batting: LHB Clay Rush 0-0: Called Strike
0-1: Ball
1-1: Ball
2-1: Fly out, F8 (Flyball, 8LS)
Batting: SHB Chris Williamson 0-0: Ball
1-0: Called Strike
1-1: Fly out, F8 (Flyball, 78XD)
Top of the 4th over - 0 runs, 0 hits, 0 errors, 0 left on base; Portland 2 - Las Vegas 0
BOTTOM OF THE 4TH
Las Vegas Flamingos batting - Pitching for Portland Evergreens : RHP Roberto Calderón
Batting: RHB Daniel Maldonado 0-0: Ball
1-0: Ball
2-0: SINGLE (Flyball, 8LS)
Batting: RHB Sergio Ortíz 0-0: Called Strike
Daniel Maldonado steals 2nd base
0-1: Ball
1-1: TRIPLE (Flyball, 8RXD)
Daniel Maldonado scores
Batting: RHB Xavier Hernández 0-0: Foul Ball, location: 2F
0-1: Fly out, F7 (Line Drive, 78D)
Runner from 3rd tags up, SCORES, no throw
Batting: RHB Rodney Usry 0-0: Called Strike
0-1: Called Strike
0-2: Ball
1-2: Foul Ball, location: 2F
1-2: Fly out, F7 (Flyball, 7D)
Batting: LHB Victor Adams 0-0: Called Strike
0-1: Swinging Strike
0-2: Foul Ball, location: 2F
0-2: Foul Ball, location: 2F
0-2: Ball
1-2: Ball
2-2: Ground out U3 (Groundball, 3S)
Bottom of the 4th over - 2 runs, 2 hits, 0 errors, 0 left on base; Portland 2 - Las Vegas 2
TOP OF THE 5TH
Portland Evergreens batting - Pitching for Las Vegas Flamingos : LHP Juan Cardenas
Batting: LHB John Ennis 0-0: Ball
1-0: Called Strike
1-1: Called Strike
1-2: Strikes out swinging
Batting: RHB Micah Coffey 0-0: Called Strike
0-1: Called Strike
0-2: Fly out, F8 (Flyball, 8LS)
Batting: LHB Chris Payling 0-0: Foul Ball, location: 2F
0-1: Ball
1-1: Ball
2-1: Called Strike
2-2: Ball
3-2: Foul Ball, location: 2F
3-2: Base on Balls
Batting: RHB Ty Struck 0-0: Ball
1-0: Fly out, F7 (Line Drive, 7D)
Top of the 5th over - 0 runs, 0 hits, 0 errors, 1 left on base; Portland 2 - Las Vegas 2
BOTTOM OF THE 5TH
Las Vegas Flamingos batting - Pitching for Portland Evergreens : RHP Roberto Calderón
Batting: LHB Job Pels 0-0: Ball
1-0: Ball
2-0: Ball
3-0: Called Strike
3-1: Called Strike
3-2: Foul Ball, location: 2F
3-2: Ground out 4-3 (Groundball, 4)
Batting: LHB José Alonso 0-0: Called Strike
0-1: Swinging Strike
0-2: Ball
1-2: Strikes out swinging
Batting: RHB Sake van Arem 0-0: Ball
1-0: Called Strike
1-1: Ball
2-1: Ball
3-1: Base on Balls
Batting: LHB Ruud van Ineveld 0-0: Ball
1-0: Swinging Strike
1-1: Foul Ball, location: 2F
1-2: Ground out 4-3 (Groundball, 34)
Bottom of the 5th over - 0 runs, 0 hits, 0 errors, 1 left on base; Portland 2 - Las Vegas 2
TOP OF THE 6TH
Portland Evergreens batting - Pitching for Las Vegas Flamingos : LHP Juan Cardenas
Batting: LHB Adrián Gómez 0-0: Ball
1-0: Ball
2-0: SINGLE (Line Drive, 78S)
Pitching: RHP Melvin Haney
Batting: RHB Carlos Cardona 0-0: Called Strike
0-1: Ball
1-1: Foul Ball, location: 2F
1-2: Ball
2-2: Foul Ball, location: 2F
2-2: DOUBLE (Line Drive, 7LM)
Adrián Gómez to third
Batting: SHB Pedro Gómez 0-0: Ball
1-0: Called Strike
1-1: Ball
2-1: SINGLE (Line Drive, 4)
Adrián Gómez scores
Carlos Cardona to third
Batting: LHB Clay Rush 0-0: Ball
1-0: Swinging Strike
1-1: Called Strike
1-2: Ball
2-2: Foul Ball, location: 2F
2-2: Foul Ball, location: 2F
2-2: Ball
3-2: Foul Ball, location: 2F
3-2: Foul Ball, location: 2F
3-2: Foul Ball, location: 2F
3-2: Base on Balls
Pedro Gómez to second
Batting: SHB Chris Williamson 0-0: Called Strike
0-1: SINGLE (Groundball, 6M)
Carlos Cardona scores
Pedro Gómez to third
Clay Rush to second
Runner from 3rd tries for Home, throw and OUT!
Batting: LHB John Ennis 0-0: Foul Ball, location: 2F
0-1: Ball
1-1: Ball
2-1: Foul Ball, location: 2F
2-2: Foul Ball, location: 2F
2-2: 3-RUN HOME RUN (Flyball, 9LD), Distance : 360 ft
Pitching: RHP Ma Hon Keung
Batting: RHB Micah Coffey 0-0: Swinging Strike
0-1: Ball
1-1: Ball
2-1: Foul Ball, location: 2F
2-2: Fly out, F2 (Popup, 25F)
Batting: LHB Chris Payling 0-0: Ball
1-0: Called Strike
1-1: Ground out 5-3 (Groundball, 5L)
Top of the 6th over - 5 runs, 5 hits, 0 errors, 0 left on base; Portland 7 - Las Vegas 2
BOTTOM OF THE 6TH
Las Vegas Flamingos batting - Pitching for Portland Evergreens : RHP Roberto Calderón
Batting: RHB Daniel Maldonado 0-0: Ball
1-0: Ball
2-0: Ball
3-0: Called Strike
3-1: Swinging Strike
3-2: Base on Balls
Batting: RHB Sergio Ortíz 0-0: Ball
1-0: Called Strike
1-1: Called Strike
1-2: Ball
2-2: Foul Ball, location: 2F
2-2: Fly out, F8 (Flyball, 8LM)
Batting: RHB Xavier Hernández 0-0: Called Strike
0-1: Ball
1-1: Foul Ball, location: 2F
1-2: Ball
2-2: Strikes out swinging
Batting: RHB Rodney Usry 0-0: Ball
1-0: Ball
2-0: Ball
Daniel Maldonado is caught stealing 2nd base
Bottom of the 6th over - 0 runs, 0 hits, 0 errors, 0 left on base; Portland 7 - Las Vegas 2
TOP OF THE 7TH
Portland Evergreens batting - Pitching for Las Vegas Flamingos : RHP Ma Hon Keung
Batting: RHB Ty Struck 0-0: Ball
1-0: Foul Ball, location: 2F
1-1: Ball
2-1: Swinging Strike
2-2: Fly out, F6 (Popup, 6D)
Batting: LHB Adrián Gómez 0-0: Called Strike
0-1: Ball
1-1: Swinging Strike
1-2: Strikes out swinging
Batting: RHB Carlos Cardona 0-0: Ball
1-0: Foul Ball, location: 2F
1-1: Ball
2-1: Swinging Strike
2-2: Strikes out swinging
Top of the 7th over - 0 runs, 0 hits, 0 errors, 0 left on base; Portland 7 - Las Vegas 2
BOTTOM OF THE 7TH
Las Vegas Flamingos batting - Pitching for Portland Evergreens : RHP Roberto Calderón
Batting: RHB Rodney Usry 0-0: Ball
1-0: Foul Ball, location: 2F
1-1: Ball
2-1: Fly out, F7 (Flyball, 7LSF)
Pitching: LHP Jesús Medina
Batting: LHB Victor Adams 0-0: Swinging Strike
0-1: Foul Ball, location: 2F
0-2: Ball
1-2: Ball
2-2: Fly out, F8 (Line Drive, 89D)
Batting: LHB Job Pels 0-0: Ball
1-0: Foul Ball, location: 2F
1-1: Ball
2-1: Ball
3-1: SINGLE (Flyball, 89M)
Batting: LHB José Alonso 0-0: Ball
1-0: Ball
2-0: Called Strike
2-1: Ball
3-1: Fly out, F9 (Flyball, 89M)
Bottom of the 7th over - 0 runs, 1 hit, 0 errors, 1 left on base; Portland 7 - Las Vegas 2
TOP OF THE 8TH
Portland Evergreens batting - Pitching for Las Vegas Flamingos : RHP Ma Hon Keung
Batting: SHB Pedro Gómez 0-0: Ball
1-0: Called Strike
1-1: Ball
2-1: Foul Ball, location: 2F
2-2: Fly out, F3 (Line Drive, 3)
Batting: LHB Clay Rush 0-0: Fly out, F8 (Flyball, 8RS)
Batting: SHB Chris Williamson 0-0: Swinging Strike
0-1: Ball
1-1: Foul Ball, location: 2F
1-2: Strikes out swinging
Top of the 8th over - 0 runs, 0 hits, 0 errors, 0 left on base; Portland 7 - Las Vegas 2
BOTTOM OF THE 8TH
Las Vegas Flamingos batting - Pitching for Portland Evergreens : LHP Jesús Medina
Batting: RHB Sake van Arem 0-0: Ball
1-0: Ball
2-0: Ground out 5-3 (Groundball, 5S)
Batting: LHB Ruud van Ineveld 0-0: Called Strike
0-1: Foul Ball, location: 2F
0-2: Strikes out looking
Batting: RHB Daniel Maldonado 0-0: Called Strike
0-1: Called Strike
0-2: Strikes out swinging
Bottom of the 8th over - 0 runs, 0 hits, 0 errors, 0 left on base; Portland 7 - Las Vegas 2
TOP OF THE 9TH
Portland Evergreens batting - Pitching for Las Vegas Flamingos : RHP Ma Hon Keung
Batting: LHB John Ennis 0-0: Called Strike
0-1: Ball
1-1: Ball
2-1: Foul Ball, location: 2F
2-2: Fly out, F5 (Popup, 5F)
Batting: RHB Micah Coffey 0-0: Ball
1-0: Fly out, F9 (Flyball, 89D)
Batting: LHB Chris Payling 0-0: Ball
1-0: Ball
2-0: SINGLE (Flyball, 78S)
Batting: RHB Ty Struck 0-0: Ball
Chris Payling steals 2nd base
1-0: Fly out, F7 (Flyball, 7)
Top of the 9th over - 0 runs, 1 hit, 0 errors, 1 left on base; Portland 7 - Las Vegas 2
BOTTOM OF THE 9TH
Las Vegas Flamingos batting - Pitching for Portland Evergreens : LHP Jesús Medina
Batting: RHB Sergio Ortíz 0-0: Called Strike
0-1: Ball
1-1: Fly out, F8 (Flyball, 8LXD)
Batting: RHB Xavier Hernández 0-0: Ball
1-0: Ball
2-0: Foul Ball, location: 2F
2-1: Foul Ball, location: 2F
2-2: Foul Ball, location: 2F
2-2: Ball
3-2: Base on Balls
Batting: RHB Rodney Usry 0-0: SINGLE (Groundball, 56D)
Xavier Hernández to second
Batting: LHB Victor Adams 0-0: Ball
1-0: Ball
2-0: Ball
3-0: Called Strike
3-1: Called Strike
3-2: Fielders Choice at 2nd, 3-6 (Groundball, 3)
Xavier Hernández to third
Batting: LHB Job Pels 0-0: Called Strike
0-1: Ball
1-1: Ball
2-1: SINGLE (Line Drive, 7LS)
Xavier Hernández scores
Victor Adams to second
Batting: LHB José Alonso 0-0: Called Strike
0-1: Fly out, F9 (Flyball, 9S)
Bottom of the 9th over - 1 run, 2 hits, 0 errors, 2 left on base; Portland 7 - Las Vegas 3
Tuesday, December 19th, 2017 - OOTP Baseball 18.8 Build 76